Map: Daybreak LE

Players

Zanarcane - Winner!

  • Race: Terran Terran
  • League: Silver
  • Spawn Location: 7:00

A.I. 1 (Very Easy)

  • Race: Terran Terran
  • Spawn Location: 1:00

VOD

Have the link to the VOD?

Description

Time

  • Played on: March 31, 2019, 2:03 p.m.
  • Length: 14:17
Show
View Real Time Build Order
Export as new Build Order

Zanarcane Terran - Winner!

Build Orders: Reaper Expand 

Get SALT Encoding   

  12  0:00  SCV  
  13  0:13  SCV  
  14  0:17  Supply Depot  
  14  0:25  SCV  
  15  0:39  SCV  
  15  0:40  Barracks  
  16  0:46  Refinery  
  16  0:51  SCV  
  17  1:03  SCV  
  18  1:15  SCV  
  19  1:29  Orbital Command  
  19  1:31  Reaper  
  20  1:52  Command Center  
  20  1:58  SCV  
  21  2:03  Supply Depot  
  21  2:05  Marine  
  22  2:10  SCV  
  23  2:24  Marine  
  23  2:25  SCV  
  25  2:30  Factory  
  26  2:37  SCV  
  26  2:38  Refinery  
  26  2:42  Marine  
  27  2:47  Barracks  
  27  2:49  SCV  
  28  3:00  Marine  
  28  3:01  SCV  
  30  3:09  Refinery  
  30  3:11  Orbital Command  
  30  3:13  SCV  
  30  3:17  Factory Tech Lab  
  30  3:18  Marine  
  30  3:19  Refinery  
  32  3:23  Starport  
  32  3:25  SCV  
  33  3:36  Marine, SCV  
  33  3:38  Barracks Reactor  
  33  3:40  SCV  
  36  3:45  Siege Tank  
  39  3:53  SCV  
  39  3:54  SCV  
  41  3:55  Barracks Tech Lab  
  41  4:00  Starport Reactor  
  41  4:09  Supply Depot, SCV  
  43  4:10  Supply Depot, SCV  
  43  4:20  Marine x2  
  43  4:22  SCV  
  46  4:30  Siege Tank, SCV  
  46  4:31  Marauder  
  52  4:37  SCV  
  53  4:39  Medivac x2  
  53  4:42  Marine x2  
  53  4:44  Stimpack  
  59  4:46  SCV  
  59  4:52  SCV  
  61  5:03  Supply Depot x2, SCV  
  62  5:24  Medivac x2, Marine x2  
  62  5:25  Siege Tank, Marauder, SCV x2  
  75  5:41  Supply Depot  
  75  5:42  Marine, SCV x2  
  77  5:44  Supply Depot  
  78  5:51  Engineering Bay  
  78  5:52  Engineering Bay  
  78  6:03  Viking x2, Marauder, SCV x2  
  86  6:05  Marine  
  86  6:06  Siege Tank  
  86  6:07  Marine  
  91  6:17  SCV  
  91  6:18  SCV  
  93  6:21  Terran Infantry Weapons Level 1  
  93  6:22  Terran Infantry Armor Level 1  
  93  6:27  Marine  
  94  6:34  Supply Depot  
  94  6:36  Supply Depot  
  94  6:39  Supply Depot  
  94  6:40  Supply Depot  
  94  6:55  Medivac, Viking, Marine, SCV x2  
  94  6:58  Marauder  
  106  7:04  Marine  
  106  7:07  Command Center, SCV x2  
  109  7:17  Siege Tank  
  109  7:20  Liberator x2  
  109  7:24  Barracks  
  109  7:28  SCV  
  109  7:29  Barracks, SCV  
  111  7:33  Marine x2  
  111  7:34  Marauder  
  115  7:42  SCV x2  
  123  7:51  Siege Tank  
  126  8:03  Armory  
  126  8:04  Armory  
  126  8:15  Supply Depot x2  
  126  8:18  Marine x2, Barracks Reactor, SCV x2  
  130  8:20  Barracks Reactor  
  130  8:33  SCV  
  130  8:34  SCV  
  132  8:35  Combat Shield  
  132  8:40  Marine x2  
  134  8:42  Siege Tank, Marauder  
  134  8:43  Medivac, Viking  
  143  8:48  SCV x2  
  143  8:52  Terran Vehicle Weapons Level 1, Terran Vehicle And Ship Armor Level 1  
  143  8:54  Terran Infantry Weapons Level 2  
  145  9:03  Orbital Command  
  145  9:07  SCV x2  
  146  9:11  Refinery  
  146  9:12  Terran Infantry Armor Level 2  
  146  9:17  Marine x4  
  146  9:18  Marine x2  
  146  9:20  Marauder  
  154  9:25  Siege Tank  
  157  9:35  Refinery  
  157  9:52  Supply Depot  
  157  9:55  Supply Depot  
  157  10:00  Liberator  
  157  10:02  Supply Depot  
  157  10:04  Supply Depot  
  86  10:07  Supply Depot, Liberator  
  157  10:12  Supply Depot  
  157  10:13  Marine x6  
  165  10:15  Marauder  
  165  10:17  Siege Tank, SCV x2  
  165  10:19  Concussive Shells  
  173  10:22  Drilling Claws  
  176  11:09  SCV x2  
  176  11:26  Command Center  
  175  11:41  Smart Servos  
Show
View Real Time Build Order
Export as new Build Order

A.I. 1 (Very Easy) Terran 

Build Orders:  

Get SALT Encoding   

  12  0:00  SCV  
  13  0:13  SCV  
  14  0:20  Supply Depot  
  14  0:38  Refinery  
  14  0:42  Barracks  
  14  1:04  Supply Depot  
  14  1:13  Refinery  
  14  1:29  Barracks Tech Lab  
  14  1:30  Orbital Command  
  14  1:47  Marine  
  15  1:56  SCV  
  17  2:08  SCV  
  17  2:20  SCV  
  18  2:31  Marauder  
  18  2:32  SCV  
  21  2:44  SCV  
  22  2:56  SCV  
  23  3:14  Marine  
  23  4:45  SCV  
  24  6:15  SCV  
  24  6:34  SCV  
  24  6:35  Supply Depot, Marine  
  24  6:37  Factory  
  26  6:41  Command Center  
  26  6:46  SCV  
  27  6:58  SCV  
  27  6:59  Supply Depot  
  28  7:08  Marine  
  28  7:10  SCV  
  28  7:22  Starport, SCV  
  27  7:42  Marine  
  28  7:54  SCV  
  28  7:57  Refinery  
  29  8:01  SCV  
  29  8:04  Starport Tech Lab, Refinery  
  30  8:09  SCV  
  31  8:16  Marine, SCV  
  33  8:22  Raven  
  33  8:23  SCV  
  36  8:30  SCV  
  37  8:38  SCV  
  38  8:45  SCV  
  39  8:49  Marine  
  39  8:52  SCV  
  41  8:59  SCV  
  42  9:05  Raven  
  42  9:06  SCV  
  44  9:13  SCV  
  45  9:21  SCV  
  45  9:24  Marauder  
  48  9:28  SCV  
  49  9:35  SCV  
  50  9:42  SCV  
  51  11:04  Marine  
  51  11:05  Raven  
  52  11:18  Supply Depot  
  52  11:21  SCV  
  47  11:28  SCV  
  46  11:33  Hellion  
  46  11:35  SCV  
  36  11:50  SCV  
  19  12:03  SCV  
  6  12:18  Supply Depot  
Tags
 
League
Silver
Matchup
TvT
Race
Terran
Spawn Locations
Cross Positions
Add a new tag
Caveats
  • Supply blocks, unpowered buildings, or Contaminate may cause inaccurate times.
  • Supply counts are checked every 10 seconds.